 Dungeon Crawl Stone Soup version 0.30.1-11-g7821555f0a (webtiles) character file.

Game seed: 3356829384417518579

569 CreepyGreeny the Conjurer (level 7, -9/52 HPs)
             Began as a Red Draconian Conjurer on Dec 27, 2023.
             Was an Initiate of Fedhas.
             Shot with an arrow by a centaur (12 damage)
             ... on level 5 of the Dungeon on Dec 28, 2023.
             The game lasted 00:51:50 (4586 turns).

CreepyGreeny the Conjurer (Red Draconian Conjurer)  Turns: 4586, Time: 00:51:50

Health: -9/52      AC:  7    Str:  9    XL:     7   Next: 11%
Magic:  9/12       EV: 11    Int: 21    God:    Fedhas [......]
Gold:   182        SH:  3    Dex:  9    Spells: 10/13 levels left

rFire   + . .        F - +2 dagger (speed)
rCold   . . .        c - +0 buckler
rNeg    . . .        (body armour unavailable)
rPois   .            (helmet restricted)
rElec   .            (no cloak)
rCorr   .            h - +0 pair of gloves
SInv    .            (no boots)
Will    .....        (no amulet)
Stlth   ++           (no ring)
HPRegen 0.28/turn    (no ring)
MPRegen 0.13/turn

%: no passive effects
@: flying
A: breathe fire, AC +6, unfitting armour, fire resistance 1, cold-blooded, big
wings
a: Breathe Fire, Renounce Religion


You were on level 5 of the Dungeon.
You worshipped Fedhas.
Fedhas was noncommittal.
You visited 2 branches of the dungeon, and saw 6 of its levels.

You collected 182 gold pieces.

Inventory:

Hand Weapons
 a - a +0 whip
 g - a +0 sling
 i - a +0 whip
 m - a +0 dagger
 o - a +0 club
 p - a +0 rapier
 s - a +0 halberd
 t - a +0 short sword
 v - a +0 trident
 B - a +0 flail
 C - a +1 heavy scythe
 E - a +0 falchion
 F - a +2 dagger of speed (weapon)
 I - a +0 war axe
 J - a +1 short sword of distortion
Missiles
 e - 23 stones
 f - 2 boomerangs
Armour
 c - a +0 buckler (worn)
 h - a +0 pair of gloves (worn)
 K - a +1 leather armour of fire resistance
Jewellery
 n - a ring of fire
 H - an amulet of guardian spirit
Scrolls
 d - a scroll of acquirement {unknown}
 k - 2 scrolls of immolation
 l - 4 scrolls of teleportation {unknown}
 r - 2 scrolls of enchant weapon {unknown}
 w - 3 scrolls of enchant armour {unknown}
 y - a scroll of fear
 D - a scroll of poison {unknown}
 G - 2 scrolls of vulnerability {unknown}
Potions
 b - 2 potions of haste
 j - 2 potions of might {unknown}
 q - 2 potions of attraction {unknown}
 u - 3 potions of mutation {unknown}
 x - a potion of curing
 z - a potion of flight
 A - 3 potions of degeneration {unknown}


   Skills:
 - Level 1.3 Fighting
 + Level 0.3 Short Blades
 + Level 0.5 Maces & Flails
 - Level 2.0 Polearms
 * Level 3.0 Dodging
 - Level 3.3 Stealth
 - Level 1.1 Shields
 + Level 1.6 Unarmed Combat
 * Level 3.5 Spellcasting
 * Level 5.5 Conjurations


You had 10 spell levels left.
You knew the following spells:

 Your Spells              Type           Power      Damage    Failure   Level
a - Magic Dart            Conj           100%       1d8       1%          1
b - Searing Ray           Conj           52%        2d6       3%          2

Your spell library contained the following spells:

 Spells                   Type           Power      Damage    Failure   Level
 Freeze                   Ice            12%        1d3       19%         1
 Dazzling Flash           Conj/Hex       30%        N/A       19%         3
 Hailstorm                Conj/Ice       15%        3d5       19%         3
 Frozen Ramparts          Ice            6%         1d1       50%         3
 Summon Guardian Golem    Hex/Summ       3%         N/A       50%         3
 Volatile Blastmotes      Fire/Tloc      6%         2d10      50%         3
 Fulminant Prism          Conj/Hex       7%         3d6       52%         4
 Iskenderun's Mystic Bla  Conj/Tloc      15%        2d5       52%         4
 Conjure Ball Lightning   Conj/Air       7%         3x3d6     100%        6
 Starburst                Conj/Fire      7%         6d4       100%        6
 Orb of Destruction       Conj           13%        9d7       100%        7
 Spellforged Servitor     Conj/Summ      7%         N/A       100%        7
 Discord                  Hex            1%         N/A       100%        8
 Disjunction              Tloc           1%         N/A       100%        8


Dungeon Overview and Level Annotations

Branches:
Dungeon (5/15)             Temple (1/1) D:4

Altars:
Cheibriados
Dithmenos
Elyvilon
Fedhas
Hepliaklqana
Nemelex Xobeh
Okawaru
Ru
Sif Muna
Yredelemnul
Zin
The Shining One
Jiyva


Innate Abilities, Weirdness & Mutations

You can breathe blasts of fire.
Your fiery red scales are hard. (AC +6)
You cannot fit into any form of body armour.
Your flesh is heat resistant. (rF+)
You are cold-blooded and may be slowed by cold attacks.
Your large and strong wings let you fly.


Message History

Things that are here:
a +0 dagger; a +1 leather armour of fire resistance; an orc corpse
K - a +1 leather armour of fire resistance
Things that are here:
a +0 dagger; a +0 ring mail; an orc corpse An iguana comes into view.
A centaur comes into view.
The iguana hisses angrily.
The centaur shouts!
The centaur wields a +0 shortbow.
The centaur shoots an arrow.
The arrow hits you!
Press: ? - help, v - describe, . - travel
Here: a centaur, wielding a +0 shortbow The floor.
The centaur shoots an arrow.
You block the arrow.
The centaur shoots an arrow.
The arrow barely misses you.
Things that are here:
a +0 dagger; an orc corpse You see here a +0 mace.
The centaur shoots an arrow.
The arrow hits you.
Items here: ) [ ††.
The centaur shoots an arrow.
The arrow hits you.
The centaur shoots an arrow.
The arrow misses you.
Casting: Searing Ray (safe; 3% risk of failure)
Confirm with . or Enter, or press ? or * to list all spells.
You can't see any susceptible monsters within range! (Use Z to cast anyway.) Unknown command.
The centaur shoots an arrow.
The arrow hits you!
The centaur shoots an arrow.
The arrow hits you!
The centaur shoots an arrow.
The arrow hits you.
* * * LOW HITPOINT WARNING * * *
The centaur shoots an arrow.
The arrow hits you.
* * * LOW HITPOINT WARNING * * *
The centaur shoots an arrow.
The arrow closely misses you.
The centaur shoots an arrow.
The arrow hits you.
* * * LOW HITPOINT WARNING * * *
The centaur shoots an arrow.
The arrow hits you.
* * * LOW HITPOINT WARNING * * *
The centaur shoots an arrow.
The arrow hits you!
You die...
Fedhas appreciates your contribution to the ecosystem.

#### #####<.#
#.....##
##....##
##....##
##.....###
#.....@..##
##.........#
#......##..##
#......###..#
........##..##
.###........#
###.....##
#.c...#
##...###


You could see a centaur.

Vanquished Creatures
  Sigmund (D:3)
  A floating eye (D:4)
  An ogre (D:4)
  A phantom (D:3)
  A howler monkey (D:4)
  An orc priest (D:5)
  Terence (D:3)
  4 gnolls
  3 adders
  An ufetubus (D:4)
  A worm (D:3)
  3 dart slugs
  6 orcs
  4 bats
  3 endoplasms
  17 giant cockroaches
  7 goblins
  7 hobgoblins
  A jackal (D:3)
  3 quokkas
  6 ball pythons
  5 kobolds
  3 rats
81 creatures vanquished.

Vanquished Creatures (others)
  A jelly (D:3)
  3 gnolls (D:3)
  A rat (D:3)
5 creatures vanquished.

Grand Total: 86 creatures vanquished

Notes
Turn   | Place    | Note
-------+----------+-------------------------------------------
     0 | D:1      | CreepyGreeny the Draconian Conjurer began the quest for the
                  | Orb.
     0 | D:1      | Reached XP level 1. HP: 14/14 MP: 3/3
   319 | D:1      | Reached XP level 2. HP: 20/20 MP: 1/5
   322 | D:1      | Learned a level 2 spell: Searing Ray
  1225 | D:2      | Reached XP level 3. HP: 26/26 MP: 3/6
  1656 | D:2      | Reached XP level 4. HP: 33/33 MP: 5/7
  1928 | D:2      | Reached skill level 1 in Unarmed Combat
  2047 | D:2      | Found a faded altar of an unknown god.
  2054 | D:2      | Prayed at the altar of an unknown god.
  2054 | D:2      | Became a worshipper of Jiyva Jacodgho the Shapeless
  2054 | D:2      | Reached * piety under Jiyva
  2100 | D:2      | Reached skill level 5 in Conjurations
  2314 | D:3      | Noticed Terence
  2316 | D:3      | Found a glowing golden altar of the Shining One.
  2323 | D:3      | Killed Terence
  2361 | D:3      | Found a white marble altar of Elyvilon.
  2376 | D:3      | Reached ** piety under Jiyva
  2379 | D:3      | Noticed Sigmund
  2387 | D:3      | Killed Sigmund
  2388 | D:3      | Reached skill level 1 in Polearms
  2388 | D:3      | Reached XP level 5. HP: 25/39 MP: 1/9
  2388 | D:3      | Reached XP level 6. HP: 30/46 MP: 1/10
  2466 | D:3      | Reached skill level 1 in Fighting
  2579 | D:3      | Found a snail-covered altar of Cheibriados.
  3003 | D:4      | Reached *** piety under Jiyva
  3016 | D:4      | Found a staircase to the Ecumenical Temple.
  3026 | Temple   | Entered the Ecumenical Temple
  3139 | Temple   | Fell from the grace of Jiyva
  3139 | Temple   | Became a worshipper of Fedhas Madash
  3166 | D:4      | Noticed a floating eye
  3168 | D:4      | Killed a floating eye
  3190 | D:4      | Reached skill level 1 in Shields
  3278 | D:4      | Your scales start taking on a fiery red colour.
  3278 | D:4      | Reached XP level 7. HP: 52/52 MP: 3/11
  3278 | D:4      | Gained mutation: Your flesh is heat resistant. (rF+) [Red
                  | Draconian growth]
  4053 | D:4      | Gained mutation: Your large and strong wings let you fly.
                  | [mutagenic glow]
  4484 | D:5      | Entered Level 5 of the Dungeon
  4509 | D:5      | Found a sparkling altar of Nemelex Xobeh.
  4583 | D:5      | HP: 2/52 [centaur/arrow (6)]
  4586 | D:5      | Shot with an arrow by a centaur

Illustrated notes

Levels and vault maps discovered:
D:1:      nicolae_arrival_somewhat_less_tricky_arrival, layout_basic,
          minmay_shallow_snake_nest
D:2:      minmay_roachtagon, layout_loops_ring,
          dilly_ecumenical_altar_fadedgnrine, kennysheep_generic_room_13
D:3:      minmay_recursive_quarters, layout_basic, elyvilon_altar_3,
          tso_oasis_becter, mainiacjoe_overflow_alcove_1, uniq_terence,
          uniq_sigmund
D:4:      layout_layer_cave, minmay_temple_entry_ruins
D:5:      layout_layer_cave, hangedman_feature_mirror, st_stairs_11,
          lemuel_flamethrower_2, uniq_crazy_yiuf_cottage
Temple:   hellmonk_temple_forest_ring

Skill      XL: |  1  2  3  4  5  6  7 |
---------------+----------------------+-----
Stealth        | 2 3 |  3.3
Dodging        | 2 3 |  3.0
Unarmed Combat | 1 |  1.6
Conjurations   | 5 |  5.5
Polearms       | 1 2 |  2.0
Fighting       | 1 |  1.3
Spellcasting   | 3 |  3.5
Shields        | 1 |  1.1
Short Blades   | |  0.3
Maces & Flails | |  0.5

Action                     |  1- 3 |  4- 6 |  7- 9 || total
---------------------------+-------+-------+-------++-------
  Melee: Unarmed           |    20 |       |       ||    20
         Tailslap          |     3 |     2 |     1 ||     6
         Club              |     6 |       |       ||     6
         Whip              |     5 |       |       ||     5
         Rapier            |     7 |       |       ||     7
         Halberd           |     4 |       |       ||     4
         Trident           |       |    34 |       ||    34
         Dagger            |       |    12 |     5 ||    17
   Cast: Magic Dart        |    27 |    17 |     8 ||    52
         Searing Ray       |    10 |    21 |     4 ||    35
Ability: Breathe Fire      |       |       |     1 ||     1
    Use: Potion            |     2 |       |       ||     2
         Scroll            |       |     4 |       ||     4
   Stab: Sleeping          |     1 |     1 |       ||     2
 Armour: Skin              |    16 |    23 |     1 ||    40
  Dodge: Dodged            |    29 |    60 |     4 ||    93
  Block: Buckler           |     6 |    10 |     2 ||    18
